Map: Lockdown LE

Players

Lambo - Winner!

  • Race: Zerg Zerg
  • Spawn Location: 7:00

Fjant

  • Race: Zerg Zerg
  • League: Grandmaster
  • Spawn Location: 1:00

VOD

Have the link to the VOD?

Description

Time

  • Played on: July 4, 2026, 1:31 p.m.
  • Length: 8:35
Show
View Real Time Build Order
Export as new Build Order

Lambo Zerg - Winner!

Build Orders: Hatch First 

Get SALT Encoding   

  8  0:00  Drone  
  9  0:10  Drone  
  10  0:16  Drone  
  10  0:21  Drone  
  12  0:31  Overlord  
  12  0:37  Extractor  
  12  0:38  Drone  
  13  0:50  Drone x2  
  15  1:09  Hatchery  
  14  1:13  Drone  
  14  1:16  Drone  
  16  1:20  Drone  
  17  1:34  Spawning Pool  
  17  1:37  Drone  
  17  1:39  Extractor  
  16  1:42  Drone  
  17  1:50  Drone  
  19  2:21  Zergling x8  
  23  2:25  Queen  
  20  2:33  Drone x2  
  21  2:47  Overlord  
  21  2:48  Drone  
  22  2:52  Drone x2  
  24  3:06  Drone, Overlord  
  24  3:11  Drone x2  
  27  3:26  Drone x2, Queen  
  29  3:33  Drone x3  
  33  3:35  Drone  
  34  3:43  Drone x2  
  34  3:44  Extractor  
  34  3:46  Drone  
  36  3:52  Overlord  
  36  3:53  Drone  
  37  4:00  Queen  
  37  4:01  Drone  
  39  4:08  Overlord  
  39  4:10  Drone x3  
  39  4:11  Drone  
  39  4:16  Extractor  
  42  4:18  Extractor  
  42  4:23  Overlord  
  41  4:24  Drone  
  41  4:28  Evolution Chamber  
  41  4:32  Roach Warren, Overlord  
  41  4:35  Drone x2  
  41  4:37  Drone  
  43  4:40  Drone  
  43  4:44  Lair  
  44  4:47  Drone  
  44  4:49  Drone  
  44  4:50  Drone  
  47  4:53  Drone  
  47  4:55  Drone  
  47  4:58  Drone  
  47  4:59  Drone  
  51  5:07  Drone x2  
  53  5:09  Drone  
  53  5:14  Evolution Chamber  
  51  5:15  Drone x2  
  51  5:18  Extractor  
  51  5:21  Drone  
  53  5:22  Roach x2  
  53  5:25  Overlord  
  57  5:30  Roach  
  57  5:34  Spine Crawler  
  58  5:36  Roach x2  
  58  5:40  Roach  
  58  5:41  Roach  
  66  5:47  Evolution Chamber  
  66  5:48  Roach x2  
  69  5:53  Roach Warren  
  69  5:55  Roach  
  70  5:58  Roach  
  70  6:00  Roach  
  70  6:02  Roach x2  
  70  6:03  Roach  
  74  6:21  Zerg Missile Weapons Level 1  
  74  6:25  Zerg Ground Armor Level 1, Spire  
  61  6:33  Roach x6, Evolution Chamber  
  61  6:39  Roach x2  
  72  6:45  Roach  
  74  6:53  Glial Reconstitution  
  74  6:57  Overlord  
  74  7:02  Drone x2  
  74  7:08  Overlord  
  76  7:11  Overseer  
  76  7:12  Overlord  
  76  7:28  Drone x3  
  79  7:32  Mutalisk x4  
  87  7:37  Drone  
  87  7:41  Mutalisk  
  90  7:48  Hatchery  
  90  7:50  Roach x2  
  93  7:54  Roach  
  96  7:59  Roach x3  
  96  8:00  Roach  
  96  8:02  Evolution Chamber, Overlord  
  96  8:03  Overlord  
  103  8:06  Overlord  
  103  8:13  Overlord  
Show
View Real Time Build Order
Export as new Build Order

Fjant Zerg 

Build Orders: Pool First 

Get SALT Encoding   

  8  0:00  Drone  
  9  0:10  Drone  
  10  0:33  Spawning Pool  
  9  0:38  Drone  
  10  0:44  Drone  
  10  0:49  Drone  
  12  1:00  Overlord  
  12  1:19  Zergling x6  
  15  1:33  Zergling x2  
  16  1:40  Zergling x2  
  17  1:51  Zergling x2  
  18  2:00  Zergling x2  
  19  2:04  Hatchery  
  18  2:10  Overlord  
  18  2:25  Drone  
  18  2:29  Drone  
  17  2:32  Queen  
  18  2:39  Drone  
  19  2:46  Extractor  
  19  2:50  Drone  
  19  2:59  Drone  
  20  3:10  Drone  
  21  3:16  Queen  
  21  3:18  Drone  
  24  3:26  Drone x2  
  26  3:30  Drone  
  27  3:38  Drone  
  27  3:40  Drone  
  29  3:47  Metabolic Boost  
  29  3:49  Drone x3  
  32  4:00  Overlord  
  31  4:07  Overlord  
  31  4:13  Roach Warren  
  30  4:31  Overlord  
  30  4:43  Overlord  
  30  4:54  Roach x7  
  44  5:00  Roach  
  44  5:03  Zergling x4  
  48  5:08  Overlord  
  48  5:16  Roach  
  48  5:17  Zergling x2  
  51  5:21  Roach  
  51  5:22  Zergling x2  
  51  5:23  Zergling x4  
  51  5:28  Roach  
  58  5:31  Zergling x2  
  58  5:32  Zergling x4  
  61  5:35  Zergling x2  
  61  5:37  Zergling x2  
  61  5:43  Zergling x2  
  61  5:48  Zergling x2  
  62  5:55  Roach x2  
  66  5:57  Zergling x4  
  66  6:00  Zergling x4  
  66  6:01  Zergling x2  
  70  6:12  Zergling x2  
  70  6:13  Zergling x2  
  70  6:15  Zergling x2  
  70  6:16  Zergling x2  
  66  6:19  Zergling x6  
  61  6:26  Zergling x2  
  61  6:31  Roach x4  
  60  6:40  Roach  
  60  6:42  Zergling x2  
  55  6:49  Zergling x2  
  54  6:55  Roach  
  54  7:01  Roach x2  
  60  7:08  Zergling x2  
  60  7:13  Zergling x8  
  65  7:20  Zergling x2  
  65  7:22  Zergling x2  
  67  7:27  Roach  
  68  7:32  Roach  
  70  7:37  Zergling x2  
  70  7:40  Overlord  
  70  7:41  Overlord x2  
  71  7:59  Zergling x10  
  76  8:05  Zergling x2  
  76  8:08  Zergling x2  
  76  8:11  Zergling x12  
Tags
 
Matchup
ZvZ
Race
Zerg
Replay Pack
hsc29
Spawn Locations
Cross Positions
Add a new tag
Caveats
  • Supply blocks, unpowered buildings, or Contaminate may cause inaccurate times.
  • Supply counts are checked every 10 seconds.